 Dungeon Sprint DCSS version 0.22-a0-558-gc224181 (webtiles) character file.

2626 emperorscorpion the Geomancer (level 9, -12/53 HPs)
             Began as a Deep Elf Earth Elementalist on June 27, 2018.
             Was the Champion of Vehumet.
             Killed from afar by a red draconian (41 damage)
             ... with a searing blast
             ... in the Dungeon (Sprint V: "Ziggurat Sprint").
             The game lasted 00:06:35 (849 turns).

emperorscorpion the Geomancer (DEEE)                 Turns: 849, Time: 00:06:35

Health: -12/53     AC:  2    Str:  5    XL:     9   Next: 34%
Magic:  7/24       EV: 17    Int: 39    God:    Vehumet [******]
Gold:   0          SH:  8    Dex: 15    Spells: 11/26 levels left

rFire    . . .     SeeInvis +   G - +14 obsidian axe {chop, +Fly SInv *Curse}
rCold    . . .     Gourm    .   K - +3 buckler of Polytheism {Int+3}
rNeg     . . .     Faith    .   c - +0 robe
rPois    .         Spirit   .   (no helmet)
rElec    .         Reflect  .   (no cloak)
rCorr    .         Harm     .   (no gloves)
MR       .....     NoTele   +   (no boots)
Stlth    +++.......             (no amulet)
HPRegen  0.17/turn              B - +6 ring of intelligence
MPRegen  0.19/turn              C - +6 ring of intelligence

@: mesmerised, very slightly contaminated, studying Necromancy
A: no striking features
a: Renounce Religion, Evoke Flight


You were in the Dungeon.
You worshipped Vehumet.
Vehumet was exalted by your worship.
You were hungry.

You visited 1 branch

Inventory:

Hand Weapons
 G - the +14 obsidian axe (weapon) {chop, +Fly SInv *Curse}
   (You found it in the Dungeon)

   It inflicts extra damage upon your enemies.
   It lets you see invisible.
   It lets you fly.
   It curses itself when equipped.
 P - the +3 Elemental Staff {rElec rF++ rC++ MR++ AC+5}
   (You found it in the Dungeon)

   It affects your AC (+5).
   It greatly protects you from fire.
   It greatly protects you from cold.
   It insulates you from electricity.
   It affects your resistance to hostile enchantments.
Missiles
 b - 30 stones (quivered)
Armour
 c - a +0 robe (worn)
 H - the +18 shield of the Gong {rElec rN+ MR+ EV-5}
   (You found it in the Dungeon)

   It affects your evasion (-5).
   It insulates you from electricity.
   It protects you from negative energy.
   It affects your resistance to hostile enchantments.
 I - a +3 buckler
 J - +5 gold dragon scales
 K - the +3 buckler of Polytheism (worn) {Int+3}
   (You found it in the Dungeon)

   It affects your intelligence (+3).
 M - a +3 leather armour of cold resistance
Magical Staves
 m - an uncursed staff of energy
 N - an uncursed staff of cold
 U - an uncursed staff of conjuration
 V - an uncursed staff of death
Jewellery
 z - a +6 ring of dexterity
 A - a +6 ring of dexterity
 B - a +6 ring of intelligence (left hand)
 C - a +6 ring of intelligence (right hand)
 D - a +6 ring of strength
 E - a +6 ring of strength
 R - the cursed ring "Aguupebo" {rElec EV-2 Int+2}
   (You found it in the Dungeon)

   [ring of evasion]

   It affects your evasion (-2).
   It affects your intelligence (+2).
   It insulates you from electricity.
   It has a curse placed upon it.
 T - the ring "Kaizofie" {+Blink MR+}
   (You found it in the Dungeon)

   [ring of protection from magic]

   It affects your resistance to hostile enchantments.
   It lets you blink.
Wands
 v - a wand of disintegration (7)
 w - a wand of iceblast (7)
 x - a wand of acid (7)
Scrolls
 j - 4 scrolls of blinking
 p - 4 scrolls of amnesia
 q - 7 scrolls of fog
 r - a scroll of holy word
 s - 5 scrolls of identify
 t - 3 scrolls of remove curse
 u - 2 scrolls of fear
 L - 4 scrolls of enchant armour
Potions
 a - 2 potions of brilliance
 e - 10 potions of curing
 f - 10 potions of heal wounds
 g - 6 potions of haste
 h - 7 potions of magic
 i - 3 potions of berserk rage
 k - a potion of invisibility
 l - 4 potions of resistance
 n - 5 potions of agility
 o - 5 potions of might
Books
 Q - a manual of Necromancy
Miscellaneous
 y - a crystal ball of energy
 F - a lightning rod (4/4)
 O - a fan of gales
 S - 2 sacks of spiders
Comestibles
 d - 7 rations


   Skills:
 + Level 4.9 Fighting
 + Level 9.4 Axes
 + Level 2.0 Armour
 + Level 8.3 Dodging
 + Level 6.7 Stealth
 - Level 4.1 Shields
 + Level 9.3 Spellcasting
 * Level 6.5 Conjurations
   Level 1.1 Transmutations
 * Level 6.3 Fire Magic
 + Level 10.4 Earth Magic
 + Level 4.2 Evocations


You had 11 spell levels left.
You knew the following spells:

 Your Spells              Type           Power        Failure   Level  Hunger
a - Sandblast             Erth           ######       1%          1    None
b - Stone Arrow           Conj/Erth      ######       1%          3    None
c - Lee's Rapid Deconstr  Erth           #######...   1%          5    ##.....
d - Shock                 Conj/Air       ####         1%          1    None
e - Fireball              Conj/Fire      ######....   1%          5    ##.....

Your spell library contained the following spells:

 Spells                   Type           Power        Failure   Level  Hunger
 Cause Fear               Hex            ###.......   21%         4    None
 Conjure Flame            Conj/Fire      ######..     1%          3    None
 Lightning Bolt           Conj/Air       #####.....   4%          5    ##.....
 Throw Flame              Conj/Fire      ######       1%          2    None
 Sticky Flame             Conj/Fire      ######..     1%          4    None
 Swiftness                Chrm/Air       ###.....     3%          2    None
 Spider Form              Tmut/Pois      ###.......   4%          3    None
 Deflect Missiles         Chrm/Air       ###.......   97%         6    ####...
 Airstrike                Air            ###.......   5%          4    None
 Flame Tongue             Conj/Fire      #####        1%          1    None
 Passwall                 Tmut/Erth      ######..     1%          2    None
 Ignite Poison            Fire/Tmut/Pois #####...     1%          3    None
 Silence                  Hex/Air        ###.......   50%         5    ##.....
 Static Discharge         Conj/Air       #####...     1%          3    None
 Portal Projectile        Hex/Tloc       ###...       6%          3    None
 Petrify                  Tmut/Erth      ######..     1%          4    None
 Inner Flame              Hex/Fire       #####...     1%          3    None
 Spectral Weapon          Hex/Chrm       ###.....     6%          3    None
 Discord                  Hex            ###.......   100%        8    #######
 Yara's Violent Unravell  Hex/Tmut       ###.......   12%         5    ##.....
 Poisonous Vapours        Pois/Air       ###...       3%          2    None


Dungeon Overview and Level Annotations

Branches:
Dungeon (1/1)

Altars:
Ashenzari
Cheibriados
Dithmenos
Elyvilon
Fedhas
Gozag
Hepliaklqana
Kikubaaqudgha
Makhleb
Nemelex Xobeh
Okawaru
Qazlal
Ru
Sif Muna
Trog
Uskayaw
Vehumet
Wu Jian
Xom
Yredelemnul
Zin
The Shining One
Beogh
Jiyva
Lugonu


Message History

Confirm with . or Enter, or press ? or * to list all spells.
Aiming: Fireball (safe; 1% risk of failure)
Press: ? - help, Shift-Dir - straight line, f - draconian, p - red draconian
Aim: a draconian, wielding a mace (almost dead, mesmerising)
The fireball explodes!
The fireball engulfs the draconian.
You break out of your daze!
You kill the draconian!
Vehumet accepts your kill.
You feel your power returning.
Your Axes skill increases to level 9!
Your Conjurations skill increases to level 6!
Your Fire Magic skill increases to level 6!
The fireball engulfs the draconian.
The draconian is severely wounded.
You are feeling hungry.
Visions of slaying the draconian flood into your mind.
The red draconian breathes flames at you.
The searing blast hits you!
Ouch! That really hurt!
You die...

▓..8©8..▓
▓..|}?=}..▓..)....▓
▓...d}|...▓..=))..▓
▓...ddd...▓...)...▓
▓....dd...▓...)...▓
▓...d.....▓...)...▓
▓....)....▓.......▓
▓.........▓.▓...▓.▓
▓....@....▓..(©...▓
▓▓▓▓▓▓▓▓▓▓▓▓▓▓▓▓▓▓▓


You could see a yellow draconian, 2 draconians, a white draconian and 3
draconians.

Vanquished Creatures
  A draconian (D)
  A cyclops (D)
  2 merfolk (D)
  Sigmund (D)
  2 hell hounds (D)
  A naga (D)
  4 water moccasins (D)
  3 centaurs (D)
  3 crimson imps (D)
  An orc wizard (D)
  An orc priest (D)
  An iron imp (D)
  Jessica (D)
  A mummy (D)
  An adder (D)
  A white imp (D)
  An ufetubus (D)
  An adder zombie (D)
  An orc (D)
  A ball python (D)
  A bat zombie (D)
  A giant cockroach zombie (D)
31 creatures vanquished.

Vanquished Creatures (collateral kills)
  Blork the orc (D)
  A crimson imp (D)
  An iron imp (D)
  2 orc priests (D)
  2 shadow imps (D)
7 creatures vanquished.

Grand Total: 38 creatures vanquished

Notes
Turn   | Place    | Note
-------+----------+-------------------------------------------
     0 | D        | Found the +6 Majin-Bo {vamp, Archmagi MP+6 Int+6}
     0 | D        | Found the +7 great mace "Firestarter" {inner flame, rF++}
     0 | D        | emperorscorpion the Deep Elf Earth Elementalist began the quest for the Orb.
     0 | D        | Reached XP level 1. HP: 10/10 MP: 6/6
     0 | D        | Found a deep blue altar of Sif Muna.
     0 | D        | Found a sacrificial altar of Ru.
     0 | D        | Found a bloodstained altar of Trog.
     0 | D        | Found a stormy altar of Qazlal.
     0 | D        | Found an iron altar of Okawaru.
     0 | D        | Found a sparkling altar of Nemelex Xobeh.
     0 | D        | Found a blossoming altar of Fedhas.
     2 | D        | Found a transporter.
     2 | D        | Found an ancient bone altar of Kikubaaqudgha.
     2 | D        | Found a viscous altar of Jiyva.
     2 | D        | Found a corrupted altar of Lugonu.
     2 | D        | Found a hazy altar of Hepliaklqana.
     2 | D        | Found a burning altar of Makhleb.
     2 | D        | Found an opulent altar of Gozag.
    10 | D        | Reached skill level 4 in Earth Magic
    10 | D        | Reached XP level 2. HP: 17/17 MP: 6/9
    15 | D        | Became a worshipper of Vehumet
    29 | D        | Found the +9 heavy crossbow "Sniper" {velocity, Acc+∞ SInv}
    29 | D        | Found the +10 dark maul {crush}
    29 | D        | Found the +15 Maxwell's patent armour {-Cast -Tele rElec MR+ rCorr}
    29 | D        | Found the +18 shield of the Gong {rElec rN+ MR+ EV-5}
    29 | D        | Found the cursed +14 obsidian axe {chop, +Fly SInv *Curse}
    32 | D        | Found the +6 shillelagh "Devastator" {shatter}
    32 | D        | Found the +11 plutonium sword {*Contam Stlth-}
    32 | D        | Found the +8 lance "Wyrmbane" {slay drac, rPois rF+ rC+ AC+3}
    32 | D        | Found the +9 sword of Zonguldrok {reap}
    32 | D        | Found the cursed +13 scythe of Curses {drain, *Curse}
    32 | D        | Found the +0 sword of Power
    32 | D        | Found the -1 mace of Variability {chaos}
    32 | D        | Found the +7 Singing Sword
    32 | D        | Found the +7 longbow "Piercer" {penet, EV-2}
    63 | D        | Entered arena 2.
    63 | D        | Noticed a crimson imp
    63 | D        | Found a transporter.
    67 | D        | Killed a crimson imp
    67 | D        | Reached skill level 5 in Spellcasting
    67 | D        | Reached skill level 5 in Earth Magic
    67 | D        | Reached XP level 3. HP: 21/21 MP: 9/11
    69 | D        | Reached skill level 6 in Earth Magic
    69 | D        | Reached XP level 4. HP: 19/26 MP: 9/13
    72 | D        | Got the +3 buckler of Polytheism {Int+3}
    86 | D        | Learned a level 3 spell: Stone Arrow
   153 | D        | Entered arena 3.
   153 | D        | Noticed Sigmund
   153 | D        | Noticed Jessica
   153 | D        | Noticed Blork the orc
   153 | D        | Found a transporter.
   157 | D        | Killed Sigmund
   157 | D        | Reached * piety under Vehumet
   157 | D        | Offered knowledge of Shock by Vehumet.
   157 | D        | Reached skill level 1 in Axes
   157 | D        | Reached skill level 5 in Dodging
   157 | D        | Reached skill level 5 in Stealth
   157 | D        | Reached skill level 8 in Earth Magic
   157 | D        | Reached XP level 5. HP: 22/30 MP: 13/16
   158 | D        | Killed Blork the orc
   159 | D        | Killed Jessica
   159 | D        | Reached skill level 9 in Earth Magic
   159 | D        | Reached XP level 6. HP: 26/35 MP: 14/18
   242 | D        | Learned a level 5 spell: Lee's Rapid Deconstruction
   244 | D        | Learned a level 1 spell: Shock
   245 | D        | Entered arena 4.
   245 | D        | Noticed a hell hound
   245 | D        | Noticed a hell hound
   245 | D        | Found a transporter.
   246 | D        | Reached ** piety under Vehumet
   246 | D        | Offered knowledge of Searing Ray by Vehumet.
   249 | D        | Killed a hell hound
   251 | D        | Killed a hell hound
   430 | D        | Entered arena 5.
   430 | D        | Found a transporter.
   431 | D        | Found the +3 Elemental Staff {rElec rF++ rC++ MR++ AC+5}
   433 | D        | Offered knowledge of Throw Flame by Vehumet.
   433 | D        | Reached *** piety under Vehumet
   445 | D        | Entered arena 6.
   445 | D        | Found a transporter.
   448 | D        | Reached **** piety under Vehumet
   448 | D        | Reached skill level 10 in Earth Magic
   449 | D        | Reached XP level 7. HP: 25/40 MP: 20/20
   449 | D        | Reached ***** piety under Vehumet
   484 | D        | Got the cursed ring "Aguupebo" {rElec EV-2 Int+2}
   633 | D        | Entered arena 7.
   634 | D        | Found a transporter.
   636 | D        | Offered knowledge of Throw Icicle by Vehumet.
   643 | D        | Reached skill level 5 in Axes
   650 | D        | Got the Handbook of Ensnaring Toxins
   657 | D        | Learned a level 5 spell: Fireball
   799 | D        | Entered arena 8.
   799 | D        | Noticed a merfolk
   799 | D        | Noticed a merfolk
   799 | D        | Noticed a cyclops
   801 | D        | Found a transporter.
   804 | D        | Offered knowledge of Mephitic Cloud by Vehumet.
   804 | D        | Reached skill level 1 in Conjurations
   804 | D        | Reached skill level 1 in Fire Magic
   806 | D        | Reached ****** piety under Vehumet
   809 | D        | Killed a cyclops
   809 | D        | Reached XP level 8. HP: 48/48 MP: 3/22
   809 | D        | Killed a merfolk
   810 | D        | Killed a merfolk
   820 | D        | Entered arena 9.
   821 | D        | Found a transporter.
   824 | D        | Reached skill level 5 in Conjurations
   824 | D        | Reached skill level 5 in Fire Magic
   824 | D        | Reached XP level 9. HP: 52/52 MP: 6/24
   833 | D        | Got the ring "Kaizofie" {+Blink MR+}
   843 | D        | Entered arena 10.
   843 | D        | Noticed a red draconian
   843 | D        | Noticed a draconian
   843 | D        | Noticed a draconian
   843 | D        | Noticed a yellow draconian
   843 | D        | Noticed a draconian
   843 | D        | Noticed a white draconian
   843 | D        | Noticed a red draconian
   843 | D        | Noticed a draconian
   849 | D        | Killed a draconian
   849 | D        | Killed from afar by a red draconian

Vault maps used:
D:        sprint_v

Skill      XL: |  1  2  3  4  5  6  7  8  9 |
---------------+----------------------------+-----
Fighting       | 2 3 4 |  4.9
Armour         | 2 |  2.0
Dodging        | 4 5 6 7 8 |  8.3
Stealth        | 4 5 6 |  6.7
Spellcasting   | 4 5 7 8 9 |  9.3
Earth Magic    | 4 5 6 8 9 10 | 10.4
Evocations     | 2 3 4 |  4.2
Axes           | 1 2 3 7 8 9 |  9.4
Shields        | 2 3 4 |  4.1
Conjurations   | 3 5 6 |  6.5
Fire Magic     | 3 5 6 |  6.3
Transmutations | |  1.1

Action                   |  1- 3 |  4- 6 |  7- 9 || total
-------------------------+-------+-------+-------++-------
Melee: Broad axe         |     5 |    13 |    13 ||    31
 Cast: Fireball          |       |       |    13 ||    13
Evoke: Lightning rod     |       |     3 |       ||     3
  Use: Potion            |     1 |       |     2 ||     3
       Scroll            |       |     1 |     1 ||     2
 Stab: Invisible         |       |       |     1 ||     1
Armor: Robe              |       |     1 |     1 ||     2
Dodge: Dodged            |     7 |    14 |    16 ||    37
Block: Buckler           |       |     1 |    10 ||    11

Table legend:
 A = Spawn XP
 B = Non-spawn XP
 C = Spawn XP percentage of total XP
 D = Spawn monster count
 E = Non-spawn monster count
 F = Spawn count percentage of total count
 G = Total turns spent on level
                    A         B        C        D         E        F      G
               +---------+---------+-------+---------+---------+-------+---------
         Total |       0 |    3740 |   0.0 |       0 |      38 |   0.0 |   849
               +---------+---------+-------+---------+---------+-------+---------
             D |       0 |    3740 |   0.0 |       0 |      38 |   0.0 |   849
               +---------+---------+-------+---------+---------+-------+---------
